 Dungeon Crawl Stone Soup version 0.17.0-23-g0de4337 (webtiles) character file.

93753 septik the Thaumaturge (level 16, -1/98 HPs)
             Began as a Gargoyle Earth Elementalist on Nov 13, 2015.
             Was the Champion of Vehumet.
             Killed by divine providence
             ... invoked by Norris
              (12 damage)
             ... on level 13 of the Dungeon.
             The game lasted 03:42:42 (46594 turns).

septik the Thaumaturge (GrEE)                      Turns: 46594, Time: 03:42:42

Health: -1/98      AC: 23    Str: 12    XL:     16   Next: 9%
Magic:  4/33       EV: 15    Int: 28    God:    Vehumet [******]
Gold:   896        SH:  7    Dex: 10    Spells: 8 memorised, 13 levels left

rFire  + . .     SeeInvis .     a - +5 whip (elec)
rCold  + + .     Clarity  +     i - +1 robe {rC+ rF+}
rNeg   + . .     SustAt   .     q - +2 buckler
rPois  ∞         Gourm    .     x - +0 helmet
rElec  +         Spirit   .     S - +2 cloak {MR+}
rCorr  .         Warding  .     p - +0 pair of gloves
rMut   .         Stasis   .     J - +1 pair of boots {run}
MR     ++...                    u - amulet of clarity
Stlth  ++........               k - ring of protection from cold
                                c - +5 ring of intelligence

@: flying, quick, very resistant to hostile enchantments, unstealthy
A: big wings, negative energy resistance 1, electricity resistance, unbreathing,
petrification resistance, rot immunity, AC +11
a: Stop Flying, Renounce Religion


You were on level 13 of the Dungeon.
You worshipped Vehumet.
Vehumet was exalted by your worship.
You were not hungry.

You visited 4 branches of the dungeon, and saw 26 of its levels.
You also visited: Labyrinth, Ice Cave and Volcano.

You collected 2936 gold pieces.
You spent 2040 gold pieces at shops.

Inventory:

Hand Weapons
 a - a +5 whip of electrocution (weapon)
Missiles
 b - 808 stones (quivered)
Armour
 i - a +1 robe of resistance (worn)
 p - a +0 pair of gloves (worn)
 q - a +2 buckler (worn)
 w - a +0 shield
 x - a +0 helmet (worn)
 J - a +1 pair of boots of running (worn)
 O - the +2 leather armour of Dogma {rElec MR++ Regen+ Str+4}
   (You bought it in a shop on level 4 of the Orcish Mines)

   It affects your strength (+4).
   It insulates you from electricity.
   It affects your resistance to hostile enchantments.
   It increases your rate of regeneration.
 S - a +2 cloak of magic resistance (worn)
Rods
 N - a +2 iron rod (12/12)
   (You found it in a labyrinth)
Jewellery
 c - a +5 ring of intelligence (left hand)
 k - a ring of protection from cold (right hand)
 l - an uncursed ring of fire
 u - an amulet of clarity (around neck)
Wands
 m - a wand of lightning (10)
 z - a wand of digging (12)
 H - a wand of hasting (7)
 I - a wand of heal wounds (5)
 V - a wand of invisibility (6)
Scrolls
 f - 2 scrolls of immolation
 r - 2 scrolls of fog
 t - 2 scrolls of fear
 y - 3 scrolls of blinking
 A - 5 scrolls of teleportation
 D - 12 scrolls of remove curse
Potions
 g - 2 potions of heal wounds
 j - 11 potions of curing
 o - a potion of agility
 v - a potion of invisibility
 K - 3 potions of haste
 M - 2 potions of cancellation
 Y - 4 potions of might
 Z - a potion of resistance
Miscellaneous
 e - a phantom mirror
 R - a phial of floods
 T - a sack of spiders {used: 1}
Comestibles
 d - 11 bread rations
 h - a slice of pizza
 n - 7 chunks of flesh
 L - 20 fruits


   Skills:
 + Level 10.4 Fighting
 + Level 9.5 Maces & Flails
 - Level 6.2 Armour
 + Level 8.2 Dodging
 - Level 2.1 Stealth
 - Level 5.2 Shields
 * Level 13.2 Spellcasting
 * Level 11.0 Conjurations
 - Level 0.7 Transmutations
 * Level 11.9 Earth Magic
 + Level 9.0 Evocations


You had 13 spell levels left.
You knew the following spells:

 Your Spells              Type           Power        Failure   Level  Hunger
a - Sandblast             Erth           ######       1%          1    None
b - Stoneskin             Trmt/Erth      ######..     1%          2    None
c - Stone Arrow           Conj/Erth      ######       1%          3    None
d - Lee's Rapid Deconstr  Erth           ######....   1%          5    ##.....
e - Mephitic Cloud        Conj/Pois/Air  #####...     1%          3    None
f - Ignite Poison         Fire/Trmt/Pois ###.....     2%          3    None
g - Lightning Bolt        Conj/Air       #####.....   3%          5    ##.....
h - Iron Shot             Conj/Erth      ######....   1%          6    ####...


Dungeon Overview and Level Annotations

Branches:
Dungeon (13/15)            Temple (1/1) D:4            Lair (8/8) D:8
 Shoals (0/4) Lair:4        Snake (0/4) Lair:3        Slime (0/6) Lair:6
    Orc (4/4) D:9             Elf (0/3) Orc:4
 Vaults: D:13-14

Altars:
Ashenzari
Cheibriados
Dithmenos
Elyvilon
Fedhas
Gozag
Kikubaaqudgha
Makhleb
Nemelex Xobeh
Okawaru
Qazlal
Ru
Sif Muna
Trog
Vehumet
Xom
Yredelemnul
Zin
The Shining One
Beogh

Shops:
D:11 (:=}   Orc:4 ([(!

Annotations:
D:2 glass vault bottom right, 1 exclusion, Crazy Yiuf
D:3 exclusion: downstairs
D:13 Norris


Innate Abilities, Weirdness & Mutations

You are resistant to torment.
Your stone body is resilient (AC +11).
You are immune to poison.
Your large and strong wings let you fly indefinitely.
You resist negative energy.
You are resistant to electric shocks.
You can survive without breathing.
You are immune to petrification.
You are immune to rotting.


Message History

Norris flickers and vanishes!
Deactivating autopickup; reactivate with Ctrl-A.
Casting: Stone Arrow
Confirm with . or Enter, or press ? or * to list all spells.
Aiming: Stone Arrow
Press: ? - help, Shift-Dir - straight line, f - human
Aim: a human Something blocks the stone arrow.
Something hits you!!
Casting: Stone Arrow
Confirm with . or Enter, or press ? or * to list all spells.
Aiming: Stone Arrow
Press: ? - help, Shift-Dir - straight line, f/p - human
Aim: a human The stone arrow hits something.
Something hits you!!
* * * LOW HITPOINT WARNING * * *
You hear something invoke the aid of a god against you.
Something tries to feed on your intellect!
You hear something call down the wrath of a god upon you.
Something smites you!
You die...

.###..........#...........###
#..........#...........#
#.........[##+##########
#.........## ###..######
##.### #....# ##+# +....#####
..... #....'.@.##......
#....###..{Z..... +..##
#....# ####...... #... #....#
..... #### #....# .... #....#
##. #....# ###+##


You could see a wyvern skeleton.

Vanquished Creatures
  Rupert (Orc:4)
  Gastronok (Lair:3)
  Kirke (Lair:5)
  Donald (D:13)
  An orc warlord (Orc:4)
  Nessos (Lair:7)
  Snorg (Lair:7)
  A fire dragon (Lair:8)
  A minotaur (Lab)
  Josephine (Lair:7)
  Harold (Lair:1)
  8 hydras
  Erolcha (Orc:3)
  2 centaur warriors
  2 catoblepae
  A death yak (Lair:8)
  An ogre mage (D:11)
  3 orc high priests
  3 wizards (D:12)
  Pikel (D:4)
  3 hill giants
  An orc knight (Orc:2)
  A cyclops (D:11)
  A hornet (Lair:8)
  3 oklob plants (Lair:6)
  A wolf spider (Lair:8)
  A manticore (Lair:4)
  4 orc sorcerers (Orc:4)
  2 griffons
  A guardian serpent (Lair:8)
  Maurice (D:8)
  9 elephants
  7 black mambas
  4 ice statues
  A torpor snail (Lair:7)
  Psyche (D:9)
  The ghost of Medar the Slasher, a novice FoAK of Lugonu (D:4)
  2 centaur skeletons (D:12)
  17 spiny frogs
  6 komodo dragons
  6 fire drakes
  5 two-headed ogres
  7 trolls
  A two-headed ogre (shapeshifter) (D:10)
  3 polar bears
  Prince Ribbit (D:6)
  10 blink frogs
  3 boulder beetles
  A minotaur skeleton (Lab)
  2 vampires (Volcano)
  A redback (Lair:8)
  A fire elemental (Lair:4)
  Sigmund (D:5)
  4 hogs (Lair:5)
  2 deep elf magi
  2 flying skulls (Volcano)
  A steam dragon (Lair:3)
  5 wraiths (Lair:7)
  Eustachio (D:6)
  2 basilisks
  37 yaks
  11 deep elf fighters
  4 humans
  2 wyverns (Lair:8)
  Menkaure (D:5)
  14 hippogriffs
  3 hungry ghosts
  2 mottled dragons (Lair:8)
  8 wolves
  20 water moccasins
  5 wargs
  Duvessa (D:4)
  4 spiders (Lair:8)
  17 porcupines
  A black bear (D:10)
  5 boggarts (D:12)
  2 eyes of draining
  34 orc warriors
  19 crocodiles
  19 ogres
  2 swamp drakes (Lair:8)
  11 ice beasts
  4 slaves
  3 phantoms
  6 wasps
  2 sky beasts
  9 centaurs
  A necrophage (D:8)
  4 big kobolds
  22 giant frogs
  2 wyvern zombies
  Dowan (D:4)
  An earth elemental (Lab)
  A wyvern skeleton (D:8)
  4 scorpions
  9 wights
  18 killer bees
  15 jellies
  8 crimson imps
  2 giant frog zombies
  7 hounds
  29 orc wizards
  4 giant frog skeletons
  36 orc priests
  Jessica (D:3)
  11 iguanas
  14 worker ants
  22 sheep
  A killer bee zombie (D:10)
  4 hound skeletons
  A mummy (Volcano)
  A worker ant zombie (D:9)
  8 gnolls
  22 adders
  72 river rats
  4 shadow imps
  An adder skeleton (D:4)
  4 worms
  4 giant geckos
  271 orcs
  4 giant cockroaches
  12 hobgoblins
  11 jackals
  4 quokkas
  A ball python (D:2)
  5 bats
  A giant cockroach zombie (D:6)
  A giant gecko skeleton (D:4)
  5 giant newts
  7 goblins
  A jackal zombie (D:8)
  34 kobolds
  3 quokka skeletons
  11 rats
  2 fungi
  A plant (Lab)
1113 creatures vanquished.

Vanquished Creatures (collateral kills)
  A worker ant (Lair:8)
1 creature vanquished.

Vanquished Creatures (others)
  A yak (Lair:8)
  70 fungi
  41 plants
112 creatures vanquished.

Grand Total: 1226 creatures vanquished

Notes
Turn   | Place    | Note
--------------------------------------------------------------
     0 | D:1      | septik the Gargoyle Earth Elementalist began the quest for the Orb.
     0 | D:1      | Reached XP level 1. HP: 10/10 MP: 3/3
   373 | D:1      | Reached XP level 2. HP: 6/15 MP: 3/5
   665 | D:1      | Reached skill level 4 in Earth Magic
  1037 | D:1      | Learned a level 2 spell: Stoneskin
  1517 | D:2      | Reached XP level 3. HP: 19/19 MP: 4/7
  1525 | D:2      | Learned a level 3 spell: Stone Arrow
  1653 | D:2      | Reached skill level 1 in Conjurations
  1653 | D:2      | Reached XP level 4. HP: 24/24 MP: 2/8
  2099 | D:2      | Found a blossoming altar of Fedhas.
  2099 | D:2      | Found an iron altar of Okawaru.
  2208 | D:2      | Found a glowing golden altar of the Shining One.
  2416 | D:2      | Noticed Crazy Yiuf
  2756 | D:3      | Found a shattered altar of Ashenzari.
  3272 | D:3      | Reached XP level 5. HP: 28/28 MP: 8/10
  3290 | D:3      | Noticed Jessica
  3292 | D:3      | Killed Jessica
  3476 | D:3      | Noticed an ogre
  3489 | D:4      | Noticed a slave
  3490 | D:4      | Noticed a slave
  3503 | D:4      | Killed a slave
  3510 | D:4      | Noticed a slave
  3512 | D:4      | Noticed Pikel
  3841 | D:4      | Found a staircase to the Ecumenical Temple.
  3877 | D:5      | Entered Level 5 of the Dungeon
  4042 | D:5      | Reached skill level 5 in Earth Magic
  4072 | D:5      | Reached XP level 6. HP: 10/32 MP: 0/12
  4079 | D:5      | Learned a level 5 spell: Lee's Rapid Deconstruction
  4414 | D:5      | Noticed Sigmund
  4460 | D:4      | Noticed Duvessa
  4460 | D:4      | Noticed Dowan
  4460 | D:4      | Noticed an ogre
  4462 | D:4      | Noticed an ogre
  4543 | D:5      | Noticed a water moccasin
  4601 | D:5      | Killed a water moccasin
  4601 | D:5      | Reached skill level 5 in Spellcasting
  4601 | D:5      | Reached XP level 7. HP: 31/36 MP: 8/14
  5236 | D:5      | Noticed Menkaure
  5238 | D:5      | Killed Menkaure
  5238 | D:5      | Reached skill level 1 in Fighting
  5238 | D:5      | Reached skill level 1 in Maces & Flails
  5238 | D:5      | Reached skill level 6 in Earth Magic
  5238 | D:5      | Reached skill level 1 in Evocations
  5266 | D:5      | Killed Sigmund
  5266 | D:5      | Reached skill level 1 in Armour
  5266 | D:5      | Reached XP level 8. HP: 43/43 MP: 5/16
  5581 | Temple   | Entered the Ecumenical Temple
  5892 | D:4      | Noticed Medar's ghost (novice FoAK)
  6374 | D:3      | Killed a slave
  6506 | D:3      | Killed an ogre
  6634 | D:4      | Noticed a slave
  7165 | D:4      | Killed an ogre
  7376 | D:4      | Killed Duvessa
  7388 | D:4      | Killed Dowan
  7710 | D:4      | Identified a +1 pair of boots of running (You found it on level 4 of the Dungeon)
  7753 | D:4      | Killed a slave
  7766 | D:4      | Killed an ogre
  7796 | D:4      | Killed a slave
  7811 | D:4      | Killed Pikel
  7811 | D:4      | Reached skill level 1 in Shields
  7811 | D:4      | Reached XP level 9. HP: 49/49 MP: 2/18
  8263 | D:4      | Killed Medar's ghost
  8263 | D:4      | Reached skill level 5 in Conjurations
  8589 | D:6      | Noticed Eustachio
  8742 | D:6      | Killed Eustachio
  8805 | D:6      | Reached skill level 7 in Spellcasting
  9112 | D:6      | Noticed Prince Ribbit
  9130 | D:6      | Killed Prince Ribbit
  9374 | D:6      | Found a snail-covered altar of Cheibriados.
  9654 | D:7      | Reached XP level 10. HP: 56/56 MP: 7/20
  9864 | D:7      | Found a shadowy altar of Dithmenos.
 10982 | D:8      | Got a translucent leather armour
 11752 | D:8      | Found a staircase to the Lair.
 12175 | D:8      | Reached skill level 8 in Spellcasting
 12388 | D:8      | Reached skill level 5 in Fighting
 12478 | D:8      | Noticed Maurice
 12504 | D:8      | Killed Maurice
 12504 | D:8      | Reached skill level 5 in Armour
 12504 | D:8      | Reached XP level 11. HP: 63/63 MP: 5/23
 12584 | D:8      | Found an opulent altar of Gozag.
 12915 | D:8      | Found a white marble altar of Elyvilon.
 13295 | D:9      | Found a radiant altar of Vehumet.
 13303 | D:9      | Became a worshipper of Vehumet
 13349 | D:9      | Found a stormy altar of Qazlal.
 13349 | D:9      | Found a shimmering altar of Xom.
 14099 | D:9      | Reached skill level 5 in Maces & Flails
 14297 | D:9      | Found a roughly hewn altar of Beogh.
 14297 | D:9      | Found a staircase to the Orcish Mines.
 14364 | D:9      | Reached * piety under Vehumet
 14364 | D:9      | Offered knowledge of Freeze by Vehumet.
 14612 | Lair:1   | Entered Level 1 of the Lair of Beasts
 14826 | Lair:1   | Noticed Harold
 14863 | Lair:1   | Found a frozen archway.
 14877 | IceCv    | Entered an ice cave
 15854 | Lair:1   | Killed Harold
 15854 | Lair:1   | Reached skill level 5 in Evocations
 15986 | Lair:1   | Reached skill level 9 in Spellcasting
 16233 | Lair:1   | Reached skill level 5 in Shields
 16502 | Lair:2   | Reached XP level 12. HP: 16/69 MP: 3/25
 16641 | Lair:2   | Reached skill level 5 in Dodging
 16681 | Lair:2   | Found a dark tunnel.
 16690 | Volcano  | Entered a volcano
 16779 | Volcano  | Offered knowledge of Searing Ray by Vehumet.
 16915 | Volcano  | Reached ** piety under Vehumet
 17251 | Lair:2   | Identified the +3 leather armour "Voykh" {rC+ Dex+3} (You found it on level 8 of the Dungeon)
 18772 | Lair:3   | Noticed Gastronok
 18928 | Lair:3   | Noticed a seven-headed hydra
 18940 | Lair:3   | Killed a seven-headed hydra
 19159 | Lair:3   | Found a staircase to the Snake Pit.
 19701 | Lair:3   | Killed Gastronok
 20219 | Lair:4   | Found a staircase to the Shoals.
 20251 | Lair:4   | Offered knowledge of Throw Flame by Vehumet.
 20406 | Lair:4   | Reached skill level 10 in Spellcasting
 20738 | Lair:4   | Reached *** piety under Vehumet
 20951 | Lair:4   | Reached XP level 13. HP: 76/76 MP: 17/27
 21689 | Lair:5   | Noticed Kirke
 22033 | Lair:5   | Killed Kirke
 22357 | Lair:5   | Offered knowledge of Mephitic Cloud by Vehumet.
 23019 | Lair:6   | Found a staircase to the Slime Pits.
 23085 | Lair:6   | Learned a level 3 spell: Mephitic Cloud
 24824 | Lair:7   | Noticed Snorg
 24848 | Lair:7   | Noticed Nessos
 24860 | Lair:7   | Reached skill level 11 in Spellcasting
 24883 | Lair:7   | Reached **** piety under Vehumet
 24883 | Lair:7   | Reached skill level 10 in Earth Magic
 25016 | Lair:7   | Killed Nessos
 25150 | Lair:7   | Noticed Josephine
 25374 | Lair:7   | Killed Josephine
 25529 | Lair:7   | Offered knowledge of Ignite Poison by Vehumet.
 25534 | Lair:7   | Learned a level 3 spell: Ignite Poison
 25925 | Lair:7   | Gained mutation: Your large and strong wings let you fly indefinitely. [Gargoyle growth]
 25925 | Lair:7   | Reached XP level 14. HP: 43/84 MP: 10/29
 26145 | Lair:8   | Entered Level 8 of the Lair of Beasts
 26433 | Lair:8   | Found a labyrinth entrance.
 26440 | Lab      | Entered a labyrinth
 28417 | Lair:8   | Reached ***** piety under Vehumet
 28842 | Lair:6   | Offered knowledge of Lightning Bolt by Vehumet.
 29399 | Lair:7   | Killed Snorg
 30032 | Lair:8   | Reached skill level 12 in Spellcasting
 31436 | Lair:8   | Reached skill level 10 in Conjurations
 32220 | Lair:8   | Reached XP level 15. HP: 90/90 MP: 25/31
 33372 | D:9      | Learned a level 5 spell: Lightning Bolt
 33393 | D:9      | Noticed Psyche
 33495 | D:9      | Killed Psyche
 33793 | Orc:1    | Entered Level 1 of the Orcish Mines
 34267 | Orc:2    | Found a roughly hewn altar of Beogh.
 34520 | Orc:1    | Found a roughly hewn altar of Beogh.
 35686 | Orc:2    | Reached ****** piety under Vehumet
 36610 | Orc:3    | Offered knowledge of Venom Bolt by Vehumet.
 37174 | Orc:3    | Noticed Erolcha
 37193 | Orc:3    | Killed Erolcha
 37582 | Orc:3    | Found a roughly hewn altar of Beogh.
 38169 | Orc:4    | Entered Level 4 of the Orcish Mines
 38172 | Orc:4    | Found a roughly hewn altar of Beogh.
 38189 | Orc:4    | Noticed Rupert
 38203 | Orc:4    | Killed Rupert
 38588 | Orc:4    | Found a roughly hewn altar of Beogh.
 38743 | Orc:4    | Found a roughly hewn altar of Beogh.
 38840 | Orc:4    | Found Guor's Antique Weapon Shoppe.
 39038 | Orc:4    | Found a roughly hewn altar of Beogh.
 39258 | Orc:4    | Found Waicaw's Distillery.
 39267 | Orc:4    | Bought a potion of heal wounds for 70 gold pieces
 39267 | Orc:4    | Bought a potion of heal wounds for 70 gold pieces
 39326 | Orc:4    | Found a roughly hewn altar of Beogh.
 39568 | Orc:4    | Offered knowledge of Poisonous Cloud by Vehumet.
 40070 | Lair:8   | Got a translucent mace
 40072 | Lair:8   | Identified the +6 mace of the Owl {crush, rElec rN+ Str-5} (You found it on level 8 of the Lair of Beasts)
 41146 | Orc:4    | Found Koeblaol's Antique Weapon Shoppe.
 41151 | Orc:4    | Found Lisa's Antique Armour Emporium.
 41153 | Orc:4    | Found a roughly hewn altar of Beogh.
 41168 | Orc:4    | Bought a creamy pearl robe for 182 gold pieces
 41178 | Orc:4    | Identified the cursed +0 robe of Wuseat {rCorr Str+2 Dex+4} (You bought it in a shop on level 4 of the Orcish Mines)
 41178 | Orc:4    | Bought a warped leather armour for 224 gold pieces
 41178 | Orc:4    | Bought an encrusted leather armour for 224 gold pieces
 41184 | Orc:4    | Bought a jewelled quarterstaff for 324 gold pieces
 41192 | Orc:4    | Identified the +1 quarterstaff of Contention {crush, +Inv Str+5 Int-3} (You bought it in a shop on level 4 of the Orcish Mines)
 41213 | Orc:4    | Found a staircase to the Elven Halls.
 41482 | Orc:4    | Found a roughly hewn altar of Beogh.
 41680 | Orc:4    | Bought an encrusted quarterstaff for 306 gold pieces
 41680 | Orc:4    | Identified the cursed +2 quarterstaff "Curor" {crush, +Inv +Fly rN+ Str-5} (You bought it in a shop on level 4 of the Orcish Mines)
 41725 | Orc:4    | Identified the +0 leather armour of Summer {rPois rN+ Dex+3} (You bought it in a shop on level 4 of the Orcish Mines)
 41735 | Orc:4    | Identified the +2 leather armour of Dogma {rElec MR++ Regen+ Str+4} (You bought it in a shop on level 4 of the Orcish Mines)
 42066 | D:10     | Entered Level 10 of the Dungeon
 42388 | D:10     | Offered knowledge of Bolt of Draining by Vehumet.
 42837 | D:10     | Reached skill level 10 in Fighting
 43338 | D:11     | Got a transparent trident
 43384 | D:11     | Found Neipiani's Gadget Shoppe.
 43600 | D:11     | Reached skill level 13 in Spellcasting
 43830 | D:11     | Found Gepp's Weapon Boutique.
 43915 | D:11     | Found Sistysue's Book Shoppe.
 43936 | D:11     | Bought a book of Flames for 420 gold pieces
 44035 | D:11     | Found Dasuh's Jewellery Shop.
 44043 | D:11     | Bought an uncursed amulet of clarity for 220 gold pieces
 44454 | D:12     | Offered knowledge of Iron Shot by Vehumet.
 44462 | D:12     | Learned a level 6 spell: Iron Shot
 44666 | D:12     | Found a white marble altar of Elyvilon.
 45090 | D:12     | Reached XP level 16. HP: 98/98 MP: 23/33
 45941 | Lair:2   | Upgraded the game from 0.17.0-22-g5edae84 to 0.17.0-23-g0de4337
 46462 | D:13     | Noticed Donald
 46468 | D:13     | Noticed Norris
 46536 | D:13     | Killed Donald
 46594 | D:13     | Killed from afar by Norris

Action                   |  1- 3 |  4- 6 |  7- 9 | 10-12 | 13-15 | 16-18 || total
-------------------------+-------+-------+-------+-------+-------+-------++-------
Melee: Club              |    43 |    84 |    13 |       |       |       ||   140
       Whip              |       |       |    43 |   551 |   743 |    79 ||  1416
       Mace              |       |       |       |       |    10 |       ||    10
Throw: Stone             |     8 |       |       |       |       |       ||     8
 Cast: Sandblast         |    48 |   136 |    76 |     8 |     5 |     3 ||   276
       Stone Arrow       |       |       |   111 |   399 |  1232 |    50 ||  1792
       Lee's Rapid Decon |       |       |     1 |    19 |    37 |       ||    57
       Stoneskin         |       |       |       |       |     2 |       ||     2
       Mephitic Cloud    |       |       |       |       |     1 |       ||     1
       Ignite Poison     |       |       |       |       |     5 |       ||     5
 Abil: Fly               |       |       |       |       |     1 |       ||     1
Evoke: Wand              |       |       |       |       |    11 |       ||    11
       Sack of spiders   |       |       |       |       |     2 |       ||     2
  Use: Scroll            |       |     2 |    10 |    11 |    22 |     3 ||    48
       Potion            |       |       |       |       |     3 |       ||     3
 Stab: Distracted        |       |       |       |       |     1 |       ||     1
  Eat: Chunk             |     2 |    10 |    18 |    23 |    57 |     3 ||   113
       Pizza             |       |       |     1 |     1 |     6 |     1 ||     9
       Beef jerky        |       |       |       |     3 |     2 |       ||     5
       Royal jelly       |       |       |       |     2 |     1 |       ||     3
       Bread ration      |       |       |       |     1 |       |       ||     1
       Fruit             |       |       |       |     1 |       |       ||     1
       Meat ration       |       |       |       |       |     2 |       ||     2
